 Dungeon Crawl Stone Soup version 0.20.0-7-g3b7b877 (webtiles) character file.

87 Rrauwl the Distorting Demonspawn (level 4, -3/35 HPs)
             Began as a Demonspawn Abyssal Knight on May 29, 2017.
             Was a Believer of Lugonu.
             Slain by a hobgoblin (7 damage)
             ... led by Robin
             ... on level 2 of the Dungeon.
             The game lasted 00:04:28 (1547 turns).

Rrauwl the Distorting Demonspawn (DsAK)             Turns: 1547, Time: 00:04:29

Health: -3/35      AC:  4    Str: 13      XL:     4   Next: 28%
Magic:  7/7        EV: 21    Int: 10 (13) God:    Lugonu [**....]
Gold:   69         SH:  0    Dex: 13 (16) Spells: 3/3 levels left

rFire    . . .     SeeInvis .   a - +1 falchion
rCold    . . .     Gourm    .   (no shield)
rNeg     . . .     Faith    +   b - +1 leather armour
rPois    .         Spirit   .   (helmet restricted)
rElec    .         Reflect  .   (no cloak)
rCorr    .         Harm     .   (no gloves)
MR       +....                  (no boots)
Stlth    ++........             k - amulet of faith
Regen    0.2/turn               h - +5 ring of evasion
MPRegen  0.1/turn               (no ring)

@: agile
A: horns 2, clumsy 1, magic resistance 1, rot immunity
a: Depart the Abyss, Bend Space, Renounce Religion


You were on level 2 of the Dungeon.
You worshipped Lugonu.
Lugonu was pleased with you.
You were not hungry.

You visited 1 branch of the dungeon, and saw 2 of its levels.
You visited the Abyss 1 time.

You collected 69 gold pieces.

Inventory:

Hand Weapons
 a - a +1 falchion (weapon)
Armour
 b - a +1 leather armour (worn)
Jewellery
 h - a +5 ring of evasion (left hand)
 j - an uncursed ring of protection from magic {unknown}
 k - an amulet of faith (around neck)
Scrolls
 d - a scroll of teleportation
 e - 2 scrolls of remove curse
Comestibles
 c - 2 bread rations
 f - 3 chunks of flesh
 g - a royal jelly


   Skills:
 - Level 3.0 Fighting
 + Level 2.9 Long Blades
 - Level 2.0 Armour
 - Level 1.1 Dodging
 + Level 4.4 Invocations


You had 3 spell levels left.
You didn't know any spells.

Dungeon Overview and Level Annotations

Branches:
Dungeon (2/15)

Altars:

Annotations:
D:2 Robin


Innate Abilities, Weirdness & Mutations

You have a pair of horns on your head.
You are immune to rotting.
You are clumsy. (Dex -2)
You are resistant to hostile enchantments. (MR+)


Message History

The hobgoblin hits you.
* * * LOW HITPOINT WARNING * * *
You hit the hobgoblin.
You kill the hobgoblin!
Lugonu accepts your kill.
You miss the goblin. The goblin misses you. The goblin barely misses you.
You riposte.
You closely miss the goblin. You hit the goblin but do no damage.
Robin throws the goblin at you! The goblin closely misses you.
You slash the goblin!
You kill the goblin!
Lugonu accepts your kill.
Robin roars a battlecry!
The hobgoblin goes into a battle-frenzy!
You barely miss the hobgoblin.
Robin's horned helmet rattles.
The hobgoblin completely misses you.
You completely miss the hobgoblin. The hobgoblin completely misses you.
The hobgoblin hits you!
You die...

#.......#
#.#####.#
...>....#######
#..#..........#
#..#.##.#####.####
#....##.##.......#
#.......##.#.....#
##.####.##.#.###)#
##......##.#.# #@#
.......###.#.###g#
.......# #.#....g#
.......# #.....))#
.......#
#####.####
.......# #.......#
.......# #.##.##.#
.......# # #.# #
..).#### ..#


You could see Robin and a hobgoblin.

Vanquished Creatures
  Terence (D:2)
  A worm (D:2)
  A dart slug (D:1)
  A leopard gecko (D:1)
  A ball python (D:1)
  9 goblins
  6 hobgoblins
  8 jackals (D:1)
  4 bats
  5 frilled lizards (D:1)
  5 kobolds
  11 rats (D:1)
53 creatures vanquished.

Notes
Turn   | Place    | Note
-------+----------+-------------------------------------------
     0 | Abyss:1  | Rrauwl the Demonspawn Abyssal Knight began the quest for the Orb.
     0 | Abyss:1  | Reached XP level 1. HP: 18/18 MP: 2/2
    27 | Abyss:1  | Noticed a fire bat
    28 | D:1      | Escaped the Abyss
    93 | D:1      | Reached skill level 1 in Dodging
   286 | D:1      | Gained mutation: You have a pair of small horns on your head. [demonic ancestry]
   286 | D:1      | Reached XP level 2. HP: 24/24 MP: 3/3
   295 | D:1      | Reached * piety under Lugonu
   491 | D:1      | Reached skill level 3 in Invocations
   542 | D:1      | Gained mutation: You are immune to rotting. [demonic ancestry]
   542 | D:1      | Reached XP level 3. HP: 29/29 MP: 5/5
  1123 | D:2      | Gained mutation: You are clumsy. (Dex -2) [potion of mutation]
  1123 | D:2      | Gained mutation: You have a pair of horns on your head. [potion of mutation]
  1123 | D:2      | Gained mutation: You are resistant to hostile enchantments. (MR+) [potion of mutation]
  1488 | D:2      | Noticed Terence
  1508 | D:2      | Killed Terence
  1508 | D:2      | Reached ** piety under Lugonu
  1508 | D:2      | Reached skill level 4 in Invocations
  1508 | D:2      | Reached XP level 4. HP: 24/35 MP: 5/7
  1529 | D:2      | Noticed Robin
  1547 | D:2      | Slain by a hobgoblin

Skill      XL: |  1  2  3 |
---------------+----------+-----
Dodging        | 1 |  1.1
Armour         | 2 |  2.0
Long Blades    | 2 |  2.9
Invocations    | 3 4 |  4.4
Fighting       | |  3.0

Action                   |  1- 3 |  4- 6 || total
-------------------------+-------+-------++-------
Melee: Falchion          |   120 |    20 ||   140
       Headbutt          |    11 |     1 ||    12
Invok: Depart the Abyss  |     1 |       ||     1
  Use: Scroll            |     5 |       ||     5
       Potion            |     5 |     1 ||     6
 Stab: Sleeping          |     1 |       ||     1
  Eat: Chunk             |     2 |       ||     2
Armor: Leather armour    |    31 |     2 ||    33
Dodge: Dodged            |    78 |    14 ||    92
       Rpst.: Falchion   |    30 |     4 ||    34
